 Dungeon Crawl Stone Soup version 0.15.2 (webtiles) character file.

32 deliverbassnrhyme the Insei (level 3, 0/29 HPs)
             Began as a Mummy Monk on Apr 20, 2015.
             Slain by a jackal (3 damage)
             ... on Level 1 of the Dungeon.
             The game lasted 00:03:44 (1524 turns).

deliverbassnrhyme the Insei (Mummy Monk)            Turns: 1524, Time: 00:03:44

HP   0/29        AC  0     Str 14      XL: 3   Next:  8%
MP   3/3         EV 13     Int  9      God:
Gold 44          SH  0     Dex 15      Spells:  0 memorised,  2 levels left

rFire  x . .     SeeInvis .       - Unarmed
rCold  + + .     Clarity  .     (no armour)
rNeg   + + +     rCorr    .     (no shield)
rPois  +         rRot     +     (no helmet)
rElec  .         Spirit   .     (no cloak)
SustAb .         Warding  .     (no gloves)
rMut   .         Stasis   .     (no boots)
Gourm  .                        (no amulet)
MR     +....                    g - ring of protection from magic
                                e - ring of protection from cold

@: somewhat resistant to hostile enchantments, unstealthy
A: no food or potions, fire vulnerability, restore body, cold resistance 1,
negative energy resistance 3, poison resistance, torment resistance, unbreathing
a: no special abilities


You were on level 1 of the Dungeon.
You were not hungry.

You visited 1 branch of the dungeon, and saw 1 of its levels.

You collected 44 gold pieces.


Innate Abilities, Weirdness & Mutations

You do not eat or drink.
Your flesh is vulnerable to fire.
Your flesh is cold resistant.
You are immune to negative energy.
Your system is resistant to poisons.
You are immune to unholy pain and torment.
You can survive without breathing.


   Skills:
 + Level 3.4 Fighting
 + Level 2.7 Dodging
 + Level 1.9 Stealth
 + Level 3.5 Unarmed Combat


You had 2 spell levels left.
You didn't know any spells.

Inventory:

Comestibles
 a - a meat ration
 b - a slice of pizza (quivered)
 d - a bread ration
 f - 2 beef jerkies
Scrolls
 h - a scroll of identify {unknown}
Jewellery
 c - a -2 ring of evasion
 e - a ring of protection from cold (left hand)
 g - a ring of protection from magic (right hand)

Dungeon Overview and Level Annotations

Branches:
Dungeon (1/15)

Altars:

#.## ###.##.####.# #.........
#..# #.#.##.# #.# ##..######
##.#####.#.##.####.######........
........................>.#######
##.#####.#.##.########.#..# #.#
#.#.##)#### #.#.##
##.#####.#..%.%.h# #.#.#
.........####)##h# #%#.#
##..####.# #.##@# #.#.#
.........# #.##.#####.#.#
###..###.# #.......##.#.#
##.###.# ####.....#.#.# # #..##.#
#########.#,* # ##.##.#
#.......#..,* #
#.##.#####.#####.###** #
#..#.......# #.# #
##.#.###########.#


You could see 2 jackals.


Message History

You hit the jackal.
The jackal is almost dead.
The jackal barely misses you.
You barely miss the jackal.
The jackal is almost dead.
The jackal bites you.
You hit the jackal but do no damage.
The jackal is almost dead.
The jackal barely misses you. The jackal bites you.
You closely miss the jackal. You punch the jackal.
You kill the jackal!
The jackal bites you.
You closely miss the jackal. The jackal closely misses you.
You closely miss the jackal. The jackal bites you.
You barely miss the jackal. The jackal bites you.
* * * LOW HITPOINT WARNING * * *
The jackal bites you.
* * * LOW HITPOINT WARNING * * *
You barely miss the jackal. The jackal bites you.
* * * LOW HITPOINT WARNING * * *
The jackal bites you.
* * * LOW HITPOINT WARNING * * *
You hit the jackal.
The jackal is severely wounded.
The jackal bites you.
* * * LOW HITPOINT WARNING * * *
You closely miss the jackal.
The jackal is severely wounded.
The jackal bites you.
You die...

Action                   || total
-------------------------++-------
Melee: Unarmed           ||   110
  Use: Scroll            ||     2
 Stab: Sleeping          ||     4

Vault maps used:
D:1:      eino_arrival_cavern_a

Notes
Turn   | Place    | Note
--------------------------------------------------------------
     0 | D:1      | deliverbassnrhyme, the Mummy Monk, began the quest for the Orb.
     0 | D:1      | Reached XP level 1. HP: 18/18 MP: 1/1
   339 | D:1      | Reached XP level 2. HP: 17/24 MP: 2/2
  1394 | D:1      | Reached XP level 3. HP: 22/29 MP: 3/3
  1524 | D:1      | Slain by a jackal

Vanquished Creatures
  A giant gecko (D:1)
  2 oozes (D:1)
  5 bats (D:1)
  3 giant cockroaches (D:1)
  3 hobgoblins (D:1)
  5 jackals (D:1)
  3 kobolds (D:1)
  A giant newt (D:1)
  3 goblins (D:1)
  A rat (D:1)
27 creatures vanquished.
